 Dungeon Crawl Stone Soup version 0.29.0-4-gdea44cf6ec (webtiles) character file.

Game seed: 11625858206086787467

1 qw the Grasshopper (level 1, -2/12 HPs)
             Began as a Tengu Warper on Aug 28, 2022.
             Hit by a stone thrown by a hobgoblin (4 damage)
             ... on level 1 of the Dungeon.
             The game lasted 00:00:00 (221 turns).

qw the Grasshopper (Tengu Warper)                    Turns: 221, Time: 00:00:01

Health: -2/12      AC:  3    Str: 11    XL:     1   Next: 20%
Magic:  4/4        EV: 11    Int: 13    God:
Gold:   0          SH:  0    Dex: 13    Spells: 4/4 levels left

rFire   . . .      SeeInvis .   a - +0 hand axe
rCold   . . .      Faith    .   (no shield)
rNeg    . . .      Spirit   .   b - +0 leather armour
rPois   .          Reflect  .   (helmet restricted)
rElec   .          Harm     .   (no cloak)
rCorr   .          Rampage  .   (no gloves)
Will    .....                   (boots unavailable)
Stlth   +.........              (no amulet)
HPRegen 0.04/turn               (no ring)
MPRegen 0.09/turn               (no ring)

@: no status effects
A: beak, talons 3
a: no special abilities


You were on level 1 of the Dungeon.
You visited 1 branch of the dungeon, and saw 1 of its levels.


Innate Abilities, Weirdness & Mutations

You have a beak for a mouth.
You have claws for feet.


   Skills:
 - Level 2.0 Fighting
 + Level 2.3 Axes
 - Level 1.0 Throwing
 - Level 1.1 Armour
 - Level 2.1 Dodging
 - Level 2.0 Spellcasting
 - Level 2.4 Translocations


You had 4 spell levels left.
You didn't know any spells.
Your spell library contained the following spells:

 Spells                   Type           Power      Damage    Failure   Level
 Blink                    Tloc           14%        N/A       19%         2
 Gell's Gravitas          Tloc           7%         N/A       36%         3
 Lesser Beckoning         Tloc           7%         N/A       36%         3
 Teleport Other           Tloc           7%         N/A       36%         3
 Manifold Assault         Tloc           7%         N/A       98%         5

Inventory:

Hand Weapons
 a - a +0 hand axe (weapon)
 f - a +0 mace
Missiles
 d - 5 boomerangs of dispersal (quivered)
Armour
 b - a +0 leather armour (worn)
Scrolls
 c - a scroll of blinking
 e - a scroll of identify {unknown}

Dungeon Overview and Level Annotations

Branches:
Dungeon (1/15)

Altars:


Message History

You open the door.
There is an open door here.
You open the door.
A kobold comes into view. It is wielding a +0 mace.
The kobold shouts!
There is an open door here.
Throw: 7 boomerangs (disperse)
Press: ? - help, Q - select action Shift-Dir - straight line, f - kobold You throw a boomerang of dispersal.
The boomerang of dispersal closely misses the kobold.
Throw: 6 boomerangs (disperse)
Press: ? - help, Q - select action Shift-Dir - straight line, f/p - kobold You throw a boomerang of dispersal.
The boomerang of dispersal completely misses the kobold.
You closely miss the kobold. Your peck misses the kobold.
The kobold hits you with a +0 mace!
Ouch! That really hurt!
You barely miss the kobold. You claw the kobold.
You kill the kobold!
You start resting.
HP restored.
f - a +0 mace
There is an open door here.
There is an open door here.
As you open the door, it creaks loudly!
There is an open door here.
You open the door.
The hobgoblin shouts! x2
The hobgoblin throws a stone.
The stone hits you.
There is an open door here.
Enter note: The hobgoblin throws a stone.
The stone hits you.
The hobgoblin throws a stone.
The stone closely misses you.
The hobgoblin throws a stone.
The stone closely misses you.
The hobgoblin throws a stone.
The stone barely misses you.
The hobgoblin throws a stone.
The stone misses you.
The hobgoblin throws a stone.
The stone hits you.
The hobgoblin throws a stone.
The stone hits you but does no damage.
The hobgoblin throws a stone.
The stone hits you.
You die...

#############
####...........#
###...#####@#####.. #.#
##..#####~~¤¤~¤¤#
#.###.### #~~~.gg¤¤~~¤#
#.##.## #...........#
#.##.# ######+######
#.##.##### ####8+8####
#.#.##...###.........##
#.#.#....##...........#
#.#.#....#............##


You could see 2 hobgoblins.

Vanquished Creatures
  A kobold (D:1)
1 creature vanquished.

Notes
Turn   | Place    | Note
-------+----------+-------------------------------------------
     0 | D:1      | qw the Tengu Warper began the quest for the Orb.
     0 | D:1      | Reached XP level 1. HP: 12/12 MP: 4/4
     0 | D:1      | 0 ||| qw: Version: 0.1-a-89-g26bdef1
     0 | D:1      | 0 ||| qw: Game counter: 1722
     0 | D:1      | 0 ||| qw: Always use a shield: true
     0 | D:1      | 0 ||| qw: God list: Okawaru
     0 | D:1      | 0 ||| qw: Allow faded altars: false
     0 | D:1      | 0 ||| qw: Do Orc after D:15 true
     0 | D:1      | 0 ||| qw: Do second Lair branch before Depths: true
     0 | D:1      | 0 ||| qw: Lair rune preference: random
     0 | D:1      | 0 ||| qw: Plans: Normal
     0 | D:1      | 0 ||| PLANNING D:1-11
   220 | D:1      | HP: 2/12 [hobgoblin/stone (4)]
   221 | D:1      | Hit by a stone thrown by a hobgoblin

Levels and vault maps discovered:
D:1:      dpeg_arrival_morbid_curiosity, layout_rooms

Action                   || total
-------------------------++-------
Melee: Hand axe          ||     2
       Kick              ||     1
Throw: Boomerang         ||     2
Armor: Leather armour    ||     1
Dodge: Dodged            ||     4

Table legend:
 A = Non-vault XP
 B = Vault XP
 C = Vault XP percentage of total XP
 D = Non-vault monster count
 E = Vault monster count
 F = Vault count percentage of total count
                 A         B        C        D         E       F
            +---------+---------+-------+---------+---------+-------
      Total |       0 |       2 | 100.0 |       0 |       1 | 100.0
            +---------+---------+-------+---------+---------+-------
        D:1 |       0 |       2 | 100.0 |       0 |       1 | 100.0
            +---------+---------+-------+---------+---------+-------
